 Dungeon Crawl Stone Soup version 0.20.0-8-g6b59dc7 (webtiles) character file.

89 Kosschaser the Chopper (level 4, 0/37 HPs)
             Began as a Hill Orc Gladiator on June 2, 2017.
             Slain by a gnoll
             ... wielding a +0 spear
              (10 damage)
             ... on level 3 of the Dungeon.
             The game lasted 00:04:35 (1987 turns).

Kosschaser the Chopper (Hill Orc Gladiator)         Turns: 1987, Time: 00:04:36

Health: 0/37       AC:  6    Str: 17    XL:     4   Next: 55%
Magic:  4/4        EV: 12    Int:  8    God:
Gold:   122        SH:  0    Dex: 12    Spells: 3/3 levels left

rFire    . . .     SeeInvis .   a - +0 war axe
rCold    . . .     Gourm    .   (no shield)
rNeg     . . .     Faith    .   b - +0 leather armour
rPois    .         Spirit   .   c - +0 helmet
rElec    .         Reflect  .   (no cloak)
rCorr    .         Harm     .   (no gloves)
MR       .....                  g - +1 pair of boots
Stlth    +.........             (no amulet)
Regen    0.2/turn               (no ring)
MPRegen  0.1/turn               (no ring)

@: lethally poisoned (0 -> -9)
A: no striking features
a: no special abilities


You were on level 3 of the Dungeon.
You were hungry.

You visited 1 branch of the dungeon, and saw 3 of its levels.

You collected 122 gold pieces.

Inventory:

Hand Weapons
 a - a +0 war axe (weapon)
Missiles
 d - 3 throwing nets (quivered)
Armour
 b - a +0 leather armour (worn)
 c - a +0 helmet (worn)
 g - a +1 pair of boots (worn)
Jewellery
 i - an uncursed ring of see invisible {unknown}
Scrolls
 h - 2 scrolls of teleportation {unknown}
 j - a scroll of blinking {unknown}
 n - a scroll of noise {unknown}
 r - 2 scrolls of magic mapping {unknown}
 t - a scroll of amnesia {unknown}
 u - 2 scrolls of remove curse {unknown}
Potions
 e - a potion of mutation {unknown}
 k - a potion of agility {unknown}
 l - a potion of haste {unknown}
 m - 2 potions of curing {unknown}
 o - 2 potions of lignification {unknown}
 q - a potion of degeneration {unknown}
 s - a potion of heal wounds {unknown}
Comestibles
 f - 2 bread rations
 p - 3 fruits


   Skills:
 + Level 2.8 Fighting
 + Level 6.0 Axes
 + Level 1.8 Throwing
 + Level 0.7 Armour
 + Level 2.7 Dodging


You had 3 spell levels left.
You didn't know any spells.

Dungeon Overview and Level Annotations

Branches:
Dungeon (3/15)

Altars:
Sif Muna

Annotations:
D:3 Schimscham's ghost, amateur BaIE


Message History

You kill the gnoll!
Your Axes skill increases to level 6!
You feel sick. The gnoll barely misses you.
You feel sick. The gnoll hits you with a spear.
Found 9 gold pieces.
Things that are here:
a spear of venom; a gnoll corpse You closely miss the gnoll.
You feel sick. The gnoll completely misses you. The gnoll closely misses you.
You barely miss the gnoll.
You feel sick. The gnoll hits you but does no damage.
You hit the gnoll.
The gnoll is moderately wounded.
You feel sick. The gnoll hits you with a spear!
* * * LOW HITPOINT WARNING * * *
You hit the gnoll.
The gnoll is heavily wounded.
* * * LOW HITPOINT WARNING * * *
You feel sick. The gnoll hits you with a spear!
You die...

###.##.# .......# ###
.......# ##.##
#...#.###...#####
#...............#####
###.##.###...........#
.......# ##..###.###.#
....<..# ##.# #.#
##...### #.# #@#
#.....## #.# #g#
.......## #..


.gg ........# #.).#.## ........+ ....# (.).....# .. #.# .......## ##. #.#
#.....## # #$# ##...## You could see 3 gnolls.

Vanquished Creatures
  A gnoll (D:3)
  3 adders (D:2)
  An ooze (D:1)
  A worm (D:2)
  A dart slug (D:1)
  A leopard gecko (D:2)
  4 giant cockroaches
  2 goblins
  5 hobgoblins
  5 jackals (D:2)
  5 bats
  4 frilled lizards
  2 giant cockroach zombies (D:1)
  5 kobolds
  6 rats
46 creatures vanquished.

Notes
Turn   | Place    | Note
-------+----------+-------------------------------------------
     0 | D:1      | Kosschaser the Hill Orc Gladiator began the quest for the Orb.
     0 | D:1      | Reached XP level 1. HP: 18/18 MP: 1/1
   296 | D:1      | Reached XP level 2. HP: 22/25 MP: 2/2
   908 | D:2      | Reached skill level 5 in Axes
   942 | D:2      | Reached XP level 3. HP: 28/30 MP: 3/3
  1290 | D:2      | Found a deep blue altar of Sif Muna.
  1430 | D:2      | Reached XP level 4. HP: 37/37 MP: 4/4
  1908 | D:3      | Noticed Schimscham's ghost (amateur BaIE)
  1982 | D:3      | Reached skill level 6 in Axes
  1987 | D:3      | Slain by a gnoll

Skill      XL: |  1  2  3  4 |
---------------+-------------+-----
Axes           | 5 6 |  6.0
Fighting       | |  2.8
Throwing       | |  1.8
Armour         | |  0.7
Dodging        | |  2.7

Action                   |  1- 3 |  4- 6 || total
-------------------------+-------+-------++-------
Melee: War axe           |   111 |    50 ||   161
 Stab: Sleeping          |       |     1 ||     1
  Eat: Chunk             |     2 |     1 ||     3
Armor: Leather armour    |    53 |     7 ||    60
Dodge: Dodged            |    82 |    36 ||   118
